 Dungeon Crawl Stone Soup version 0.30-a0-718-geaa24f58ff (webtiles) character file.

Game seed: 3792314158073337198

127 Newt the Trooper (level 4, -6/37 HPs)
             Began as a Demonspawn Gladiator on Jan 25, 2023.
             Mangled by an ogre
             ... wielding a +0 giant club
              (31 damage)
             ... on level 5 of the Dungeon.
             The game lasted 00:02:53 (2106 turns).

Newt the Trooper (Demonspawn Gladiator)             Turns: 2106, Time: 00:02:54

Health: -6/37      AC:  7    Str: 16    XL:     4   Next: 85%
Magic:  4/4        EV: 12    Int: 10    God:
Gold:   171        SH:  0    Dex: 14    Spells: 3/3 levels left

rFire   . . .      SeeInvis .    f - +0 mace (protect)
rCold   . . .      Faith    .    (no shield)
rNeg    . . .      Spirit   .    b - +0 leather armour
rPois   .          Reflect  .    c - +0 helmet
rElec   .          Harm     .    (no cloak)
rCorr   .          Rampage  .    d - +2 pair of gloves {infuse}
Will    .....                    (no boots)
Stlth   ++                       (no amulet)
HPRegen 0.26/turn                (no ring)
MPRegen 0.09/turn                (no ring)

@: no status effects
A: sturdy frame 1, demonic magic 1
a: no special abilities


You were on level 5 of the Dungeon.
You visited 1 branch of the dungeon, and saw 4 of its levels.

You collected 171 gold pieces.

Inventory:

Hand Weapons
 a - a +0 rapier
 f - a +0 mace of protection (weapon)
Missiles
 q - a javelin (quivered)
Armour
 b - a +0 leather armour (worn)
 c - a +0 helmet (worn)
 d - a +2 pair of gloves of infusion (worn)
 k - a +0 tower shield
Scrolls
 h - a scroll of torment
 m - 2 scrolls of magic mapping
Potions
 g - 2 potions of berserk rage {unknown}
 j - 2 potions of heal wounds
 l - 5 potions of curing
 n - a potion of mutation {unknown}
 p - a potion of brilliance {unknown}


   Skills:
 - Level 4.0 Fighting
 - Level 2.6 Short Blades
 + Level 1.7 Maces & Flails
 - Level 1.7 Throwing
 - Level 2.6 Dodging
 - Level 2.0 Stealth


You had 3 spell levels left.
You didn't know any spells.
Your spell library was empty.

Dungeon Overview and Level Annotations

Branches:
Dungeon (5/15)
 Temple: D:4-7

Altars:
Sif Muna
Wu Jian


Innate Abilities, Weirdness & Mutations

Your movements are slightly less encumbered by armour. (ER -2)
Spells you cast may paralyse adjacent enemies.


Message History

The scorpion is lightly wounded.
The scorpion stings you but does no damage.
The scorpion attacks as you move away! The scorpion barely misses you.
The scorpion stings you but does no damage.
The scorpion attacks as you move away! The scorpion stings you.
You are poisoned.
The scorpion poisons you!
You feel sick.
You feel sick. The scorpion attacks as you move away!
The scorpion stings you but does no damage.
You feel sick.
You feel sick.
You feel sick. The scorpion barely misses you.
You feel sick.
You feel sick.
You are no longer poisoned.
The scorpion attacks as you move away!
The scorpion stings you but does no damage.
The scorpion stings you. The scorpion attacks as you move away!
The scorpion barely misses you.
Throw: 2 throwing nets
Press: ? - help, Q - select action, (/) - cycle Shift-Dir - straight line, f - scorpion
Aim: a scorpion (lightly wounded, 60% to hit)
You throw a throwing net.
The throwing net closely misses the scorpion.
The scorpion closely misses you.
Throw: throwing net
Press: ? - help, Q - select action, (/) - cycle Shift-Dir - straight line, f/p - scorpion
Aim: a scorpion (lightly wounded, 60% to hit)
You throw a throwing net. The throwing net hits the scorpion.
The scorpion is caught in the net!
The scorpion is lightly wounded.
The scorpion struggles against the net.
The scorpion struggles against the net.
The scorpion struggles against the net. x2
The net rips apart, and the scorpion comes free!
The ogre attacks as you move away!
The ogre hits you with a +0 giant club!!
Ouch! That really hurt!
You die...

####..............
#..(.....#........
###........#........
#............#,.....
#............#.**#..
##...s..#.....#.###..
##................(...
#....O................
#....@................
#................)....
#..................§..
#.....######.......§..
##....#...........§...
#....#.........÷.§§..
#....#...........§###
##.................#
#........#.........#


You could see an ogre and a scorpion.

Vanquished Creatures
  2 jellies (D:5)
  An iguana (D:5)
  2 adders (D:5)
  A shadow imp (D:5)
  2 ball pythons (D:1)
  A bat (D:1)
  2 endoplasms (D:1)
  3 goblins
  2 hobgoblins (D:1)
  2 quokkas
  A kobold (D:1)
  3 rats
22 creatures vanquished.

Notes
Turn   | Place    | Note
-------+----------+-------------------------------------------
     0 | D:1      | Newt the Demonspawn Gladiator began the quest for the Orb.
     0 | D:1      | Reached XP level 1. HP: 16/16 MP: 1/1
   259 | D:1      | Reached skill level 1 in Stealth
   562 | D:1      | Gained mutation: Spells you cast may paralyse adjacent
                  | enemies. [demonic ancestry]
   562 | D:1      | Reached XP level 2. HP: 22/22 MP: 2/2
  1032 | D:2      | You fall into a shaft and drop 2 floors!
  1032 | D:4      | Found a shimmering blue altar of Sif Muna.
  1043 | D:5      | Entered Level 5 of the Dungeon
  1073 | D:5      | Gained mutation: Your movements are slightly less
                  | encumbered by armour. (ER -2) [demonic ancestry]
  1073 | D:5      | Reached XP level 3. HP: 9/28 MP: 3/3
  1430 | D:5      | Reached skill level 3 in Fighting
  1445 | D:5      | Reached XP level 4. HP: 11/37 MP: 4/4
  1584 | D:5      | Reached skill level 4 in Fighting
  1584 | D:5      | Reached skill level 1 in Maces & Flails
  1735 | D:5      | Found an ornate altar of the Wu Jian Council.
  2017 | D:5      | Identified a scroll of acquirement
  2017 | D:5      | Acquired a +2 pair of gloves of infusion
  2082 | D:5      | Noticed a scorpion
  2084 | D:5      | Noticed an ogre
  2106 | D:5      | Mangled by an ogre

Illustrated notes

Levels and vault maps discovered:
D:1:      dpeg_arrival_central, layout_basic
D:2:      layout_rooms
D:4:      nicolae_cairo_tiling_large, layout_basic, good_gods_mini_temple,
          nicolae_overflow_hidden_temple, minmay_temple_entry_hall,
          serial_corexii_hall, corexii_hall_statues_s, corexii_hall_statues_s,
          corexii_hall_statues_x, corexii_hall_statues_t, uniq_sigmund,
          uniq_grinder, uniq_eustachio
D:5:      layout_basic, lemuel_tele_altar

Skill      XL: |  1  2  3  4 |
---------------+-------------+-----
Stealth        | 1 2 |  2.0
Fighting       | 3 4 |  4.0
Maces & Flails | 1 |  1.7
Short Blades   | |  2.6
Throwing       | |  1.7
Dodging        | |  2.6

Action                     |  1- 3 |  4- 6 || total
---------------------------+-------+-------++-------
  Melee: Mace              |    85 |    20 ||   105
         Punch             |       |     2 ||     2
  Throw: Javelin           |     1 |     2 ||     3
         Throwing net      |       |     5 ||     5
    Use: Scroll            |     6 |     5 ||    11
   Stab: Sleeping          |     2 |       ||     2
         Held in net/web   |       |     1 ||     1
 Armour: Leather armour    |    37 |     8 ||    45
  Dodge: Dodged            |    67 |    13 ||    80

Table legend: (Time is in decaauts)
 A = Elapsed time spent in this place.
 B = Non-inter-level travel time spent in this place.
 C = Inter-level travel time spent in this place.
 D = Time resting spent in this place.
 E = Time spent auto-exploring this place.
 F = Levels seen in this place.
 G = Mean time per level.
                   A        B        C        D        E       F      G
               +--------+--------+--------+--------+--------+-----+--------+
         Total |   2146 |   2098 |     48 |    734 |   1026 |   4 |  536.5 |
       Dungeon |   2146 |   2098 |     48 |    734 |   1026 |   4 |  536.5 |
               +--------+--------+--------+--------+--------+-----+--------+

Top non-repeatable levels by time:
     D:5: 1081 daAuts
     D:1: 769 daAuts
     D:2: 284 daAuts
     D:4: 10 daAuts
